 Dungeon Sprint DCSS version 0.31-a0-960-g0fca184906 (webtiles) character file.

Game seed: 17747333597162652809

4610 sircluck the Grappler (level 10, -7/115 HPs)
             Began as a Troll Berserker on Oct 23, 2023.
             Was an Elder of Trog.
             Mangled by a freezing wraith (17 damage)
             ... in the Dungeon (Sprint VII: "The Pits").
             The game lasted 00:02:43 (673 turns).

sircluck the Grappler (Troll Berserker)              Turns: 673, Time: 00:02:44

Health: -7/115     AC:  4    Str: 34    XL:     10   Next: 19%
Magic:  9/9        EV: 16    Int:  3    God:    Trog [****..]
Gold:   0          SH:  0    Dex:  9    Spells: 9/9 levels left

rFire   . .          .
                       - Unarmed
rCold   . . .        (no shield)
rNeg    . . .        a - +0 animal skin
rPois   .            (helmet restricted)
rElec   .            (no cloak)
rCorr   .            (gloves unavailable)
SInv    .            (boots unavailable)
Will    .....        (no amulet)
Stlth   +            k - +3 ring of evasion
HPRegen 1.19/turn    l - +3 ring of strength
MPRegen 0.11/turn

%: no teleportation
@: lethally poisoned (-7 -> -8), on berserk cooldown, slowed, very slow
A: large, unfitting armour, claws 3, regeneration 1, shaggy fur 1, tough skin 1
a: Renounce Religion, Berserk, Trog's Hand, Brothers in Arms


You were in the Dungeon.
You worshipped Trog.
Trog was greatly pleased with you.
You visited 1 branch

Inventory:

Missiles
 o - 5 large rocks
Armour
 a - a +0 animal skin (worn)
Jewellery
 k - a +3 ring of evasion (left claw)
 l - a +3 ring of strength (right claw)
Scrolls
 g - a scroll of blinking
 i - 2 scrolls of vulnerability
 j - a scroll of summoning
Potions
 b - 6 potions of curing
 c - 9 potions of heal wounds
 d - 2 potions of haste
 e - 4 potions of magic
 f - 5 potions of berserk rage
 h - 2 potions of invisibility
 m - a potion of resistance
 n - a potion of mutation


   Skills:
 + Level 12.3 Fighting
 + Level 12.1 Dodging
 + Level 14.3 Unarmed Combat


You had 9 spell levels left.
You didn't know any spells.
Your spell library was empty.

Dungeon Overview and Level Annotations

Branches:
Dungeon (1/1)

Altars:
Ashenzari
Cheibriados
Dithmenos
Elyvilon
Fedhas
Gozag
Hepliaklqana
Kikubaaqudgha
Makhleb
Nemelex Xobeh
Okawaru
Qazlal
Ru
Sif Muna
Trog
Uskayaw
Vehumet
Wu Jian
Xom
Yredelemnul
Zin
The Shining One
Jiyva
Lugonu


Innate Abilities, Weirdness & Mutations

You are too large for most types of armour.
You have claws for hands.
Your natural rate of healing is unusually fast.
You are covered in fur. (AC +1)
You have tough skin. (AC +1)


Message History

The merfolk appears confused.
The merfolk is engulfed in noxious fumes. x3
You barely miss the freezing wraith.
The freezing wraith is moderately damaged.
You are engulfed in noxious fumes.
You choke on the stench!
You are confused.
You feel sick.
You are no longer poisoned.
The freezing wraith hits you! The freezing wraith freezes you!!
The freezing wraith barely misses you. The freezing wraith closely misses you.
The freezing wraith hits you but does no damage.
Something hits the swamp drake!!
The merfolk misses the swamp drake.
The swamp drake bites you but does no damage.
The freezing wraith barely misses you. The freezing wraith hits you.
The freezing wraith drains your vigour!
You feel as though you will be slow longer.
You're too confused to move!
You feel less confused. The swamp drake closely misses you.
The freezing wraith hits you! The freezing wraith freezes you!
* * * LOW HITPOINT WARNING * * *
The freezing wraith hits you!
* * * LOW HITPOINT WARNING * * *
The freezing wraith drains your vigour!
You feel as though you will be slow longer.
You feel much better. The swamp drake breathes poison at you.
The noxious blast engulfs you but does no damage.
You are poisoned.
The freezing wraith hits you! The freezing wraith freezes you!!
* * * LOW HITPOINT WARNING * * *
The freezing wraith completely misses you.
The swamp drake breathes poison at you.
The noxious blast engulfs you but does no damage.
You are more poisoned.
The freezing wraith hits you.
* * * LOW HITPOINT WARNING * * *
The freezing wraith freezes you!
You die...

##................#
.......
#####'#####''######
#######
##.......##''#####
##.......##......#
##.......##......#
##...<...###.)†.## ##
##.......# ##'○## #..+
##.......###..)○## ....#
##.......##...○○@#....#
###########...○○Wk○...+
###########.....○#.m..#
....#..[[###....###....#
....#!.[[# ##†)## ##..+
....'..))# #..†.# ##
....#..))##......#
....#..))##......#
##################


You could see a merfolk (confused), a freezing wraith and a swamp drake.

Vanquished Creatures
  A merfolk impaler (D)
  A sea snake (D)
  A deep elf pyromancer (D)
  An efreet (D)
  A blink frog (D)
  A shadow (D)
  A basilisk (D)
  An orc warrior (D)
  An ogre (D)
  A centaur (D)
  A kobold brigand (D)
  2 scorpions (D)
  A hound (D)
  2 orc priests (D)
  An orc wizard (D)
  A gnoll (D)
  An adder (D)
  A white imp (D)
  An ufetubus (D)
  An adder skeleton (D)
  An orc (D)
  2 ball pythons (D)
  A goblin (D)
  A ball python skeleton (D)
  3 bats (D)
  A frilled lizard (D)
31 creatures vanquished.

Vanquished Creatures (collateral kills)
  A cyclops (D)
  A molten gargoyle (D)
  A merfolk (D)
  A troll (D)
  3 blink frogs (D)
  A centaur (D)
8 creatures vanquished.

Grand Total: 39 creatures vanquished

Notes
Turn   | Place    | Note
-------+----------+-------------------------------------------
     0 | D        | sircluck the Troll Berserker began the quest for the Orb.
     0 | D        | Reached XP level 1. HP: 22/22 MP: 0/0
    28 | D        | Noticed a basilisk
    56 | D        | Killed a basilisk
    57 | D        | Reached skill level 5 in Fighting
    57 | D        | Reached skill level 5 in Dodging
    57 | D        | Reached skill level 6 in Unarmed Combat
    57 | D        | Reached XP level 2. HP: 20/35 MP: 1/1
    57 | D        | Reached XP level 3. HP: 24/42 MP: 2/2
    57 | D        | Reached XP level 4. HP: 28/50 MP: 3/3
   126 | D        | Found a bloodstained altar of Trog.
   126 | D        | Found a shimmering blue altar of Sif Muna.
   126 | D        | Found a viscous altar of Jiyva.
   126 | D        | Found a hazy altar of Hepliaklqana.
   126 | D        | Found an opulent altar of Gozag.
   127 | D        | Found a glowing golden altar of the Shining One.
   127 | D        | Found a glowing silver altar of Zin.
   127 | D        | Found a basalt altar of Yredelemnul.
   127 | D        | Found a shimmering altar of Xom.
   127 | D        | Found an ornate altar of the Wu Jian Council.
   127 | D        | Found a sacrificial altar of Ru.
   127 | D        | Found a stormy altar of Qazlal.
   127 | D        | Found an iron altar of Okawaru.
   127 | D        | Found a sparkling altar of Nemelex Xobeh.
   127 | D        | Found a burning altar of Makhleb.
   127 | D        | Found a blossoming altar of Fedhas.
   127 | D        | Found a white marble altar of Elyvilon.
   127 | D        | Found a shadowy altar of Dithmenos.
   127 | D        | Found a snail-covered altar of Cheibriados.
   131 | D        | Found a corrupted altar of Lugonu.
   131 | D        | Found a radiant altar of Vehumet.
   132 | D        | Found a broken altar of Ashenzari.
   132 | D        | Found an ancient bone altar of Kikubaaqudgha.
   132 | D        | Found a hide-covered altar of Uskayaw.
   173 | D        | Reached XP level 5. HP: 56/57 MP: 4/4
   174 | D        | Reached ** piety under Trog
   194 | D        | Reached *** piety under Trog
   195 | D        | Reached skill level 7 in Unarmed Combat
   241 | D        | Noticed a centaur
   241 | D        | Noticed an orc warrior
   255 | D        | Reached **** piety under Trog
   294 | D        | Reached skill level 8 in Unarmed Combat
   294 | D        | Reached XP level 6. HP: 55/68 MP: 5/5
   313 | D        | Killed an orc warrior
   313 | D        | Reached ***** piety under Trog
   314 | D        | Reached skill level 9 in Unarmed Combat
   324 | D        | Reached XP level 7. HP: 79/79 MP: 6/6
   358 | D        | Noticed an efreet
   362 | D        | Killed an efreet
   363 | D        | Reached skill level 10 in Unarmed Combat
   377 | D        | Received a gift from Trog
   428 | D        | Noticed a shadow
   428 | D        | Noticed a deep elf pyromancer
   434 | D        | Killed a shadow
   435 | D        | Reached XP level 8. HP: 92/92 MP: 7/7
   440 | D        | Killed a deep elf pyromancer
   440 | D        | Received a gift from Trog
   441 | D        | Reached skill level 11 in Unarmed Combat
   534 | D        | Noticed a blink frog
   534 | D        | Noticed a blink frog
   534 | D        | Noticed a blink frog
   534 | D        | Noticed a blink frog
   534 | D        | Noticed a troll
   538 | D        | Killed a blink frog
   539 | D        | Reached skill level 10 in Fighting
   539 | D        | Reached skill level 10 in Dodging
   540 | D        | Killed a blink frog
   541 | D        | Reached skill level 12 in Unarmed Combat
   541 | D        | Killed a blink frog
   542 | D        | Reached XP level 9. HP: 102/102 MP: 8/8
   544 | D        | Killed a troll
   544 | D        | Received a gift from Trog
   596 | D        | Noticed a molten gargoyle
   596 | D        | Noticed a sea snake
   596 | D        | Noticed a cyclops
   600 | D        | Killed a molten gargoyle
   601 | D        | Reached skill level 13 in Unarmed Combat
   602 | D        | Killed a sea snake
   602 | D        | Killed a cyclops
   653 | D        | Noticed a freezing wraith
   653 | D        | Noticed a merfolk impaler
   653 | D        | Noticed a merfolk
   653 | D        | Noticed a merfolk
   653 | D        | Noticed a merfolk
   663 | D        | Killed a merfolk
   664 | D        | Reached XP level 10. HP: 115/115 MP: 9/9
   665 | D        | Killed a merfolk impaler
   666 | D        | Reached skill level 14 in Unarmed Combat
   673 | D        | Mangled by a freezing wraith

Illustrated notes

Levels and vault maps discovered:
D:        pitsprint [storerooms_1, entrance_room_1, metal_vault_2, armoury_3,
          mini_pit_1, grid_room_1, main_hall_1, silver_pit, the_coven_1,
          the_vestibule_1, steel_vault_5, golden_pit, hallway_of_sentries,
          crystal_vault_6, iron_vault_4, final_vault]

Skill      XL: |  1  2  3  4  5  6  7  8  9 10 |
---------------+-------------------------------+-----
Fighting       | 5 6 7 9 10 11 12 | 12.3
Dodging        | 5 6 7 9 10 11 12 | 12.1
Unarmed Combat | 6 8 9 10 12 13 14 | 14.3

Action                     |  1- 3 |  4- 6 |  7- 9 | 10-12 || total
---------------------------+-------+-------+-------+-------++-------
  Melee: Unarmed           |     8 |    38 |    46 |     3 ||    95
         Punch             |       |     2 |     1 |     1 ||     4
 Invoke: Berserk           |     1 |       |     3 |       ||     4
         Brothers in Arms  |       |       |     3 |       ||     3
    Use: Potion            |       |       |       |     1 ||     1
 Armour: Animal skin       |     8 |    19 |    22 |     9 ||    58
  Dodge: Dodged            |     2 |    18 |    19 |     6 ||    45

Table legend: (Time is in decaauts)
 A = Elapsed time spent in this place.
 B = Non-inter-level travel time spent in this place.
 C = Inter-level travel time spent in this place.
 D = Time resting spent in this place.
 E = Time spent auto-exploring this place.
 F = Levels seen in this place.
 G = Mean time per level.
                   A        B        C        D        E       F      G
               +--------+--------+--------+--------+--------+-----+--------+
         Total |    682 |    682 |      0 |    147 |    193 |   1 |  682.0 |
       Dungeon |    682 |    682 |      0 |    147 |    193 |   1 |  682.0 |
               +--------+--------+--------+--------+--------+-----+--------+

Top non-repeatable levels by time:
       D: 682 daAuts
